 Dungeon Sprint DCSS version 0.20.1-1-g8b1a95d (webtiles) character file.

10500000 potatolord6000 the Axe Maniac (level 27, -7/270 (273) HPs)
             Began as a Hill Orc Monk on Sept 11, 2017.
             Was the Champion of Makhleb.
             Mangled by a meat berserker
             ... wielding a +9 battleaxe
              (67 damage)
             ... in the Dungeon (Sprint VIII: "Arena of Blood").
             The game lasted 00:05:57 (105 turns).

potatolord6000 the Axe Maniac (Hill Orc Monk)        Turns: 105, Time: 00:05:58

HP:   -7/270 (273)  AC:  4    Str: 27    XL:     27
MP:   26/54         EV: 30    Int: 10    God:    Makhleb [******]
Gold: 0             SH:  0    Dex: 13    Spells: 80/80 levels left

rFire    . . .     SeeInvis .   j - +∞ Axe of Woe
rCold    . . .     Gourm    .   (shield currently unavailable)
rNeg     . . .     Faith    .   b - +0 robe
rPois    .         Spirit   .   (no helmet)
rElec    .         Reflect  .   (no cloak)
rCorr    .         Harm     .   (no gloves)
MR       ++...     NoTele   +   (no boots)
Stlth    +++++++++.             (no amulet)
Regen    0.6/turn               k - +30 ring of slaying
MPRegen  0.4/turn               (no ring)

@: no status effects
A: no striking features
a: Minor Destruction, Lesser Servant of Makhleb, Major Destruction, Greater
Servant of Makhleb, Renounce Religion


You were in the Dungeon.
You worshipped Makhleb.
Makhleb was exalted by your worship.
You were not hungry.

You visited 1 branch

Inventory:

Hand Weapons
 a - a +0 hand axe
 j - the +∞ Axe of Woe (weapon)
   (You found it in the Dungeon)
Armour
 b - a +0 robe (worn)
Jewellery
 k - a +30 ring of slaying (left hand)
 l - a +200 ring of slaying
Potions
 d - a potion of curing
 f - a potion of haste
 g - 2 potions of magic
 h - a potion of berserk rage
Comestibles
 c - a bread ration


   Skills:
 O Level 27 Fighting
 O Level 27 Axes
 O Level 27 Throwing
 O Level 27 Armour
 O Level 27 Dodging
 O Level 27 Stealth
 O Level 27 Unarmed Combat
 O Level 27 Spellcasting
 O Level 27 Invocations


You had 80 spell levels left.
You didn't know any spells.

Dungeon Overview and Level Annotations

Branches:
Dungeon (1/1)

Altars:
Makhleb


Message History

The meat berserker shouts!
You hear a shout!
The meat berserker is engulfed in blazing flames.
You hear a shout! x6
Unknown command.
Unknown command.
Unknown command.
You hear a shout!
The accursed is engulfed in blazing flames.
The accursed points at you and mumbles some strange words.
Something smites you!
The destroyer blinks!
The meat berserker rages.
You hear a shout!
The small abomination is engulfed in blazing flames.
The accursed hits you!!
* * * LOW HITPOINT WARNING * * *
You feel something staring at you. Something smites you!
* * * LOW HITPOINT WARNING * * *
The meat berserker hits you with a +9 battleaxe!!!
You die...

....#......###... ..{
....L...........### ...
.......#.......o_) ....
....#.......#.XO) ..o.
###O.........#_%<)
...##..)§#......%#.... .
#O....o§)#)))))).._.
....#.M.M§M)D..)))))%###
....O%V@O)x§)..)###)....
.........§§.......#§.§..
.........WW.X§....#..V..
.........#XL.X.X........
........#.#.#{.....%....
.........#.#L..o........
..###...#.#.#..M........
.. ##... ...%#.


You could see 3 accurseds, 2 tentacled monstrosities, 3 tyrants, an eight-headed
meat hydra, a destroyer, a large abomination, 4 meat berserkers, a small
abomination, 2 shadows and 2 bags of meat.

Vanquished Creatures
  5 hell beasts (D)
  3 greater mummies (D)
  A great orb of eyes (D)
  3 wraiths (D)
  19 vampire knights (D)
  37 ogres (D)
  12 two-headed ogres (D)
  4 liches (D)
  A hydra (D)
  88 orcs (D)
  A phantom (D)
  5 skeletal warriors (D)
  6 large abominations (D)
  10 small abominations (D)
  7 crawling corpses (D)
202 creatures vanquished.

Vanquished Creatures (others)
  Harold (D)
  9 crawling corpses (D)
10 creatures vanquished.

Grand Total: 212 creatures vanquished

Notes
Turn   | Place    | Note
-------+----------+-------------------------------------------
     0 | D        | potatolord6000 the Hill Orc Monk began the quest for the Orb.
     0 | D        | Reached XP level 1. HP: 19/19 MP: 1/1
     2 | D        | Noticed a meat berserker
     3 | D        | Became a worshipper of Makhleb the Destroyer
     3 | D        | Reached * piety under Makhleb
     3 | D        | Reached ** piety under Makhleb
     6 | D        | Noticed a bag of meat
     6 | D        | Killed a meat berserker
     6 | D        | Reached skill level 15 in Armour
     6 | D        | Reached XP level 2. HP: 50/50 MP: 1/11
     6 | D        | Reached XP level 3. HP: 57/57 MP: 1/13
     6 | D        | Reached XP level 4. HP: 64/64 MP: 1/14
     6 | D        | Reached XP level 5. HP: 71/71 MP: 1/16
     6 | D        | Reached XP level 6. HP: 80/80 MP: 1/17
     6 | D        | Reached XP level 7. HP: 86/86 MP: 1/19
     6 | D        | Reached XP level 8. HP: 94/94 MP: 1/20
     6 | D        | Reached XP level 9. HP: 101/101 MP: 1/21
     6 | D        | Reached XP level 10. HP: 108/108 MP: 1/22
     6 | D        | Reached XP level 11. HP: 115/115 MP: 1/23
     6 | D        | Reached XP level 12. HP: 124/124 MP: 1/24
     6 | D        | Reached XP level 13. HP: 130/130 MP: 1/25
     8 | D        | Noticed a meat berserker
    10 | D        | Noticed a bag of meat
    11 | D        | Noticed a bag of meat
    11 | D        | Killed a meat berserker
    11 | D        | Reached skill level 15 in Stealth
    11 | D        | Reached XP level 14. HP: 146/146 MP: 2/28
    11 | D        | Killed a bag of meat
    11 | D        | Reached skill level 15 in Dodging
    11 | D        | Reached XP level 15. HP: 155/155 MP: 2/29
    13 | D        | Noticed a meat berserker
    13 | D        | Noticed a meat berserker
    13 | D        | Killed a meat berserker
    13 | D        | Reached *** piety under Makhleb
    13 | D        | Reached XP level 16. HP: 168/168 MP: 2/31
    15 | D        | Noticed a meat berserker
    17 | D        | Noticed a meat berserker
    18 | D        | Killed a meat berserker
    18 | D        | Reached **** piety under Makhleb
    18 | D        | Reached XP level 17. HP: 183/183 MP: 3/34
    18 | D        | Killed a meat berserker
    18 | D        | Reached skill level 27 in Axes
    18 | D        | Reached skill level 27 in Invocations
    18 | D        | Reached XP level 18. HP: 196/196 MP: 3/35
    19 | D        | Killed a meat berserker
    19 | D        | Reached skill level 27 in Fighting
    20 | D        | Noticed a meat berserker
    20 | D        | Noticed a meat berserker
    20 | D        | Noticed a destroyer
    22 | D        | Reached ***** piety under Makhleb
    22 | D        | Reached skill level 27 in Armour
    22 | D        | Reached XP level 19. HP: 176/207 MP: 4/36
    22 | D        | Killed a destroyer
    22 | D        | Reached skill level 27 in Stealth
    23 | D        | Noticed a large bag of meat
    23 | D        | Noticed a meat berserker
    24 | D        | Noticed a meat berserker
    24 | D        | Killed a meat berserker
    24 | D        | Reached skill level 27 in Dodging
    24 | D        | Reached skill level 10 in Unarmed Combat
    24 | D        | Reached XP level 20. HP: 180/216 MP: 4/37
    26 | D        | Killed a meat berserker
    26 | D        | Reached skill level 15 in Throwing
    27 | D        | Noticed a large bag of meat
    27 | D        | Noticed a meat berserker
    27 | D        | Killed a meat berserker
    27 | D        | Reached skill level 15 in Spellcasting
    27 | D        | Reached XP level 21. HP: 224/224 MP: 5/40
    28 | D        | Killed a meat berserker
    29 | D        | Reached ****** piety under Makhleb
    29 | D        | Reached XP level 22. HP: 233/233 MP: 5/46
    30 | D        | Noticed a destroyer
    30 | D        | Reached skill level 27 in Unarmed Combat
    30 | D        | Killed a large bag of meat
    31 | D        | Reached skill level 27 in Throwing
    32 | D        | Noticed a destroyer
    32 | D        | Reached skill level 27 in Spellcasting
    32 | D        | Reached XP level 23. HP: 240/240 MP: 6/54
    33 | D        | Noticed a large bag of meat
    34 | D        | Noticed a large bag of meat
    35 | D        | Killed a large bag of meat
    35 | D        | Reached XP level 24. HP: 244/249 MP: 7/54
    35 | D        | Killed a destroyer
    36 | D        | Noticed a large bag of meat
    37 | D        | Reached XP level 25. HP: 257/257 MP: 7/54
    38 | D        | Noticed a destroyer
    38 | D        | Noticed a destroyer
    40 | D        | Noticed a large bag of meat
    40 | D        | Noticed a large bag of meat
    41 | D        | Killed a large bag of meat
    41 | D        | Reached XP level 26. HP: 218/266 MP: 8/54
    42 | D        | Noticed a destroyer
    42 | D        | Noticed a destroyer
    44 | D        | Noticed a destroyer
    45 | D        | Noticed a large bag of meat
    45 | D        | Reached XP level 27. HP: 252/273 MP: 10/54
    46 | D        | Killed a destroyer
    46 | D        | Killed a large bag of meat
    47 | D        | Noticed a destroyer
    47 | D        | Noticed a destroyer
    47 | D        | Killed a large bag of meat
    47 | D        | Noticed a tyrant
    48 | D        | Killed a large bag of meat
    49 | D        | Noticed a large bag of meat
    49 | D        | Noticed a large bag of meat
    49 | D        | Noticed a destroyer
    51 | D        | Noticed a destroyer
    51 | D        | Killed a tyrant
    52 | D        | Noticed a destroyer
    52 | D        | Killed a destroyer
    52 | D        | Killed a destroyer
    53 | D        | Noticed a tyrant
    53 | D        | Noticed a destroyer
    53 | D        | HP: 9/273 [bag of meat/+9 war axe (38)]
    54 | D        | Killed a destroyer
    56 | D        | Noticed a destroyer
    56 | D        | Killed a large bag of meat
    56 | D        | Noticed a destroyer
    57 | D        | Killed a destroyer
    57 | D        | Killed a destroyer
    58 | D        | Killed a destroyer
    58 | D        | Killed a destroyer
    58 | D        | Killed a large bag of meat
    59 | D        | Killed a large bag of meat
    60 | D        | Killed a destroyer
    61 | D        | Noticed a destroyer
    61 | D        | Noticed an accursed
    62 | D        | Killed a destroyer
    63 | D        | Killed a destroyer
    64 | D        | Noticed a meat beast
    64 | D        | Noticed a destroyer
    64 | D        | Killed a large bag of meat
    66 | D        | Killed a meat beast
    68 | D        | Killed a destroyer
    68 | D        | Killed a destroyer
    69 | D        | Noticed a meat beast
    70 | D        | Killed a meat beast
    70 | D        | Killed a destroyer
    70 | D        | Killed a destroyer
    70 | D        | Killed a tyrant
    72 | D        | Noticed a meat beast
    73 | D        | Noticed a dread
    73 | D        | Noticed a destroyer
    75 | D        | Noticed The Servant
    76 | D        | Noticed a large bag of meat
    76 | D        | Killed a destroyer
    77 | D        | Noticed an accursed
    79 | D        | Noticed a meat beast
    80 | D        | Noticed a meat beast
    81 | D        | Noticed a dread
    81 | D        | Noticed a meat beast
    82 | D        | Noticed a tyrant
    82 | D        | Killed a meat beast
    82 | D        | Killed a destroyer
    83 | D        | Killed a meat beast
    83 | D        | Killed a dread
    83 | D        | Killed an accursed
    84 | D        | Killed a meat beast
    86 | D        | Noticed a dread
    87 | D        | Noticed a large bag of meat
    88 | D        | Killed a large bag of meat
    90 | D        | Noticed an accursed
    90 | D        | Killed an accursed
    90 | D        | Killed The Servant
    94 | D        | Killed a dread
    96 | D        | Noticed an accursed
    96 | D        | Noticed a tyrant
    97 | D        | Killed a tyrant
    97 | D        | Killed a large bag of meat
    97 | D        | Killed a tyrant
    98 | D        | Noticed a destroyer
    98 | D        | Noticed an accursed
    99 | D        | Noticed an accursed
    99 | D        | Noticed an accursed
    99 | D        | Noticed a tyrant
    99 | D        | Killed a dread
   101 | D        | Noticed a tyrant
   103 | D        | Killed an accursed
   105 | D        | Mangled by a meat berserker

Skill      XL: |  1  2  3  4  5  6  7  8  9 10 11 12 13 14 15 16 17 18 19 20 21 22 |
---------------+-------------------------------------------------------------------+-----
Fighting       | 16 19 21 24 25 27 | 27.0
Axes           | 17 20 21 23 26 27 | 27.0
Armour         | 15 17 18 20 22 24 27 | 27.0
Dodging        | 12 14 15 16 18 19 22 27 | 27.0
Stealth        | 13 15 17 19 20 24 27 | 27.0
Invocations    | 17 20 21 23 26 27 | 27.0
Throwing       | 8 18 23 27 | 27.0
Unarmed Combat | 10 21 26 27 | 27.0
Spellcasting   | 7 15 20 27 | 27.0

Action                   |  1- 3 |  4- 6 |  7- 9 | 10-12 | 13-15 | 16-18 | 19-21 | 22-24 | 25-27 || total
-------------------------+-------+-------+-------+-------+-------+-------+-------+-------+-------++-------
Melee: Executioner's axe |     1 |       |       |       |     2 |     3 |     5 |     8 |    48 ||    67
Invok: Greater Servant o |       |       |       |       |       |       |       |       |     6 ||     6
  Use: Scroll            |       |       |       |       |       |       |       |       |     1 ||     1
       Potion            |       |       |       |       |       |       |       |       |     1 ||     1
 Stab: Distracted        |       |       |       |       |       |       |       |       |     1 ||     1
       Confused          |       |       |       |       |       |       |       |       |     1 ||     1
Armor: Robe              |       |       |       |       |       |       |       |       |     3 ||     3
Dodge: Dodged            |       |       |       |       |       |       |       |     1 |     9 ||    10
